 Dungeon Crawl Stone Soup version 0.30-a0-137-gd8773701ce (webtiles) character file.

Game seed: 7785952229470331780

604 juncz the Magician (level 7, -4/54 HPs)
             Began as a Djinni Conjurer on Sept 22, 2022.
             Killed by miscasting Iskenderun's Mystic Blast (10 damage)
             ... on level 4 of the Dungeon.
             The game lasted 00:13:33 (4704 turns).

juncz the Magician (Djinni Conjurer)                Turns: 4704, Time: 00:13:33

Health: -4/54      AC:  5    Str:  6    XL:     7   Next: 70%
Gold:   243        EV: 12    Int: 22    God:
                   SH:  0    Dex: 14

rFire   + + +      SeeInvis .    o - +0 short sword
rCold   x . .      Faith    .    (no shield)
rNeg    + . .      Spirit   .    i - +2 robe {Will+}
rPois   ∞          Reflect  .    (no helmet)
rElec   .          Harm     .    j - +0 cloak
rCorr   .          Rampage  .    (no gloves)
Will    +....                    (boots unavailable)
Stlth   ++........               (no amulet)
HPRegen 0.18/turn                l - ring of the Bright God {+Blink rF+ rN+ Dex+3}
MPRegen 0.00/turn                (no ring)

@: flying, very slightly contaminated
A: sickness immunity, fire resistance 2, cold vulnerability 1, float, innate
caster, HP casting, extra vitality 1
a: Evoke Blink


You were on level 4 of the Dungeon.
You visited 1 branch of the dungeon, and saw 4 of its levels.
You also visited: Sewer.

You collected 265 gold pieces.
You spent 22 gold pieces at shops.

Inventory:

Hand Weapons
 o - a +0 short sword (weapon)
Armour
 a - a +0 robe
 i - a +2 robe of willpower (worn)
 j - a +0 cloak (worn)
Jewellery
 l - the ring of the Bright God (left hand) {+Blink rF+ rN+ Dex+3}
   (You found it on level 2 of the Dungeon)

   [ring of protection from fire]

   Dex:       It affects your dexterity (+3).
   rF:        It protects you from fire.
   rN:        It protects you from negative energy.
   +Blink:    It lets you blink.
Wands
 d - a wand of flame (19)
 r - a wand of roots (9)
Scrolls
 c - 3 scrolls of blinking
 f - 3 scrolls of teleportation
 g - 2 scrolls of summoning
 h - a scroll of fear
 k - 2 scrolls of butterflies
 q - a scroll of enchant weapon
Potions
 b - 3 potions of haste
 e - a potion of ambrosia
 m - 2 potions of invisibility {unknown}
 n - a potion of magic {unknown}
 p - 2 potions of flight {unknown}


   Skills:
 + Level 5.3 Fighting
 - Level 2.1 Dodging
 - Level 1.5 Stealth
 + Level 5.3 Spellcasting


You couldn't memorise any spells.
You knew the following spells:

 Your Spells              Type           Power      Damage    Failure   Level
a - Magic Dart            Conj           100%       1d8       1%          1
b - Searing Ray           Conj           58%        2d6       1%          2
c - Dazzling Flash        Conj/Hex       58%        N/A       3%          3
d - Fulminant Prism       Conj/Hex       14%        3d9       11%         4
e - Iskenderun's Mystic   Conj/Tloc      29%        2d7       11%         4
f - Sandblast             Erth           58%        2d13      1%          1
g - Scorch                Fire           58%        2d7       1%          2
h - Call Imp              Summ           29%        N/A       1%          2
Your spell library was empty.

Dungeon Overview and Level Annotations

Branches:
Dungeon (4/15)              Sewer (visited)
 Temple: D:4-7

Altars:

Shops:
D:1 ?   D:2 :

Annotations:
D:3 3 runed translucent doors, Orsonium's ghost, amateur DrWn
D:4 Pikel


Innate Abilities, Weirdness & Mutations

You are immune to sickness and miasma.
You are immune to poison.
Your flesh is very heat resistant. (rF++)
You are vulnerable to cold. (rC-)
You float through the air rather than walking.
You learn spells naturally, not from books.
Your magical power is your life essence.
You have superior vitality. (+4 MHP)


Message History

That felt strangely unrewarding.
The lemure hits you but does no damage.
The blast of sand hits the lemure!
The lemure is severely wounded.
The lemure barely misses you. x2
The blast of sand hits the lemure but does no damage.
The lemure is severely wounded.
The lemure barely misses you. The lemure hits you but does no damage.
The blast of sand misses the lemure.
The lemure hits you! The lemure closely misses you.
Pikel, Merchant of Souls comes into view.
He is wielding a +2 whip of flaming and wearing a +2 robe of willpower.
The lemure hits you. The lemure barely misses you.
The blast of sand hits the lemure.
The lemure is severely wounded.
Pikel shouts!
The lemure barely misses you. x2
The blast of sand hits the lemure!
You kill the lemure!
That felt strangely unrewarding.
The lemure hits you! The lemure hits you.
You are too injured to fight recklessly!
You are too injured to fight recklessly!
There is a stone staircase leading down here.
Things that are here:
a +0 halberd; a +0 robe The lemure attacks as you move away!
The lemure hits you.
* * * LOW HITPOINT WARNING * * *
The lemure attacks as you move away! The lemure hits you.
* * * LOW HITPOINT WARNING * * *
You are too injured to fight recklessly!
Casting: Sandblast (safe; 1% risk of failure)
Confirm with . or Enter, or press ? or * to list all spells.
Aiming: Fulminant Prism (dangerous; 11% risk of failure)
Press: ? - help, Dir - move target, f - Pikel
Aim: Pikel, wielding a +2 whip of flaming and wearing a +2 robe of willpower
Okay, then.
Casting: Fulminant Prism (dangerous; 11% risk of failure)
Confirm with . or Enter, or press ? or * to list all spells.
You miscast Iskenderun's Mystic Blast.
You are very lightly contaminated with residual magic.
A wave of violent energy washes through your body!
You die...

#.####.###
####..#.....#
#.........#
#..#.>..#...#
#...K...# ##
#...##......
###.##.......
#.5.###......
#@### ######
#############.#
#.............#
##.##########.#
#.#........#.#
#.#.######.###
#...### ##....#
####....#


You could see Pikel and a lemure.

Vanquished Creatures
  3 kobold brigands (Sewer)
  2 lemures (D:4)
  Blork the orc (D:4)
  An orc priest (D:3)
  Jessica (D:2)
  Terence (D:3)
  3 river rats (Sewer)
  10 adders
  2 worms (D:2)
  2 dart slugs (D:3)
  10 orcs
  3 bats
  8 endoplasms
  5 giant cockroaches
  6 goblins
  9 hobgoblins
  5 jackals
  12 kobolds
  A quokka (D:2)
  11 ball pythons
  8 frilled lizards
  12 rats
116 creatures vanquished.

Vanquished Creatures (others)
  8 plants (Sewer)
8 creatures vanquished.

Grand Total: 124 creatures vanquished

Notes
Turn   | Place    | Note
-------+----------+-------------------------------------------
     0 | D:1      | juncz the Djinni Conjurer began the quest for the Orb.
     0 | D:1      | juncz set off with the following spells memorised: Magic
                  | Dart, Searing Ray, Dazzling Flash, Fulminant Prism,
                  | Iskenderun's Mystic Blast.
     0 | D:1      | Reached XP level 1. HP: 15/15 MP: 0/0
   216 | D:1      | Reached XP level 2. HP: 18/22 MP: 0/0
   284 | D:1      | Reached skill level 1 in Fighting
   825 | D:1      | Reached XP level 3. HP: 24/27 MP: 0/0
   825 | D:1      | Learned a level 1 spell: Sandblast
   860 | D:1      | Found Icovviasia's Magic Scroll Shop.
   869 | D:1      | Bought a scroll of identify for 22 gold pieces
  1076 | D:2      | Found Ysty's Book Boutique.
  1544 | D:2      | Reached XP level 4. HP: 31/33 MP: 0/0
  1662 | D:2      | Noticed Jessica
  1664 | D:2      | Killed Jessica
  2246 | D:2      | Reached XP level 5. HP: 36/40 MP: 0/0
  2246 | D:2      | Learned a level 2 spell: Scorch
  2332 | D:2      | Identified the ring of the Bright God {+Blink rF+ rN+
                  | Dex+3}
  2470 | D:3      | Found a glowing drain.
  2497 | Sewer    | Entered a sewer
  2713 | Sewer    | Noticed a kobold brigand
  2717 | Sewer    | Killed a kobold brigand
  2718 | Sewer    | Reached XP level 6. HP: 42/47 MP: 0/0
  3037 | Sewer    | Reached skill level 5 in Spellcasting
  3037 | Sewer    | Reached XP level 7. HP: 45/53 MP: 0/0
  3037 | Sewer    | Learned a level 2 spell: Call Imp
  3961 | D:3      | Noticed Orsonium's ghost (amateur DrWn)
  3991 | D:3      | Found a runed translucent gate.
  3991 | D:3      | Found a runed translucent gate.
  3991 | D:3      | Found a runed translucent gate.
  4252 | D:3      | Noticed Terence
  4254 | D:3      | Reached skill level 5 in Fighting
  4262 | D:3      | Killed Terence
  4670 | D:4      | Noticed Blork the orc
  4673 | D:4      | Killed Blork the orc
  4695 | D:4      | Noticed Pikel
  4704 | D:4      | Killed by miscasting Iskenderun's Mystic Blast

Illustrated notes

Levels and vault maps discovered:
D:1:      ncdulo_smallfort, layout_rooms, serial_shops, shop
D:2:      minmay_chambers_of_twos, layout_basic, serial_shops,
          nicolae_shop_hallway_stairs, chequers_serial_rivers_room_b,
          uniq_jessica
D:3:      layout_basic, gammafunk_ghost_icy, gup_sewer_entry_glass,
          kennysheep_cluttered_room, uniq_terence
D:4:      layout_basic, uniq_robin, uniq_pikel, uniq_blork_the_orc

Skill      XL: |  1  2  3  4  5  6  7 |
---------------+----------------------+-----
Fighting       | 1 2 3 4 5 |  5.3
Spellcasting   | 4 5 |  5.3
Dodging        | |  2.1
Stealth        | |  1.5

Action                   |  1- 3 |  4- 6 |  7- 9 || total
-------------------------+-------+-------+-------++-------
Melee: Short sword       |       |       |    17 ||    17
       Unarmed           |       |       |     3 ||     3
 Cast: Magic Dart        |    80 |    32 |    18 ||   130
       Sandblast         |     4 |    60 |    47 ||   111
       Iskenderun's Myst |       |       |     1 ||     1
  Use: Scroll            |     3 |     1 |     4 ||     8
Armor: Robe              |     1 |     9 |    11 ||    21
Dodge: Dodged            |     3 |    16 |    23 ||    42

Table legend: (Time is in decaauts)
 A = Elapsed time spent in this place.
 B = Non-inter-level travel time spent in this place.
 C = Inter-level travel time spent in this place.
 D = Time resting spent in this place.
 E = Time spent auto-exploring this place.
 F = Levels seen in this place.
 G = Mean time per level.
                   A        B        C        D        E       F      G
               +--------+--------+--------+--------+--------+-----+--------+
         Total |   4757 |   4641 |    116 |    182 |   3646 |   5 |  951.4 |
       Dungeon |   3530 |   3414 |    116 |    182 |   2789 |   4 |  882.5 |
         Sewer |   1226 |   1226 |      0 |      0 |    857 |   1 | 1226.0 |
               +--------+--------+--------+--------+--------+-----+--------+

Top non-repeatable levels by time:
     D:2: 1340 daAuts
   Sewer: 1226 daAuts
     D:1: 1076 daAuts
     D:3: 1004 daAuts
     D:4: 109 daAuts
